Workbook

Sheet Basic Information
A1: Raw Data
A5: Sales Information:
B6: Estimated % drop: | C6: 0.2 | E6: Estimated Growth: | F6: 0.05 | I6: Estimated Holiday Increase: | J6: 0.15
A8: Sales: | C8: Muffins | D8: Cookies | E8: Bread | G8: Sales Numbers Trasposed for Copying
B10: Year 1
B11: Q4 | C11: 45000 | D11: 65000 | E11: 85000 | G11: =C8 -> Muffins
G12: 2007 | L12: 2008
B13: Year 2 | G13: Q1 | H13: Q2 | I13: Q3 | J13: Q4 | L13: Q1 | M13: Q2
B14: Q1 | C14: =C11*(1-$C$6) -> 36000 | D14: =D11*(1-$C$6) -> 52000 | E14: =E11*(1-$C$6) -> 68000 | G14: =C14 -> 36000 | H14: =C15 -> 37800 | I14: =C16 -> 39690 | J14: =C17 -> 47628 | L14: =C19 -> 43758.225 | M14: =C20 -> 45946.136
B15: Q2 | C15: =C14*(1+$F$6) -> 37800 | D15: =D14*(1+$F$6) -> 54600 | E15: =E14*(1+$F$6) -> 71400 | G15: =D8 -> Cookies
B16: Q3 | C16: =C15*(1+$F$6) -> 39690 | D16: =D15*(1+$F$6) -> 57330 | E16: =E15*(1+$F$6) -> 74970 | G16: 2007 | L16: 2008
B17: Q4 | C17: =C16*(1+($F$6+$J$6)) -> 47628 | D17: =D16*(1+($F$6+$J$6)) -> 68796 | E17: =E16*(1+($F$6+$J$6)) -> 89964 | G17: Q1 | H17: Q2 | I17: Q3 | J17: Q4 | L17: Q1 | M17: Q2
B18: Year 3 | G18: =D14 -> 52000 | H18: =D15 -> 54600 | I18: =D16 -> 57330 | J18: =D17 -> 68796 | L18: =D19 -> 63206.325 | M18: =D20 -> 66366.641
B19: Q1 | C19: =C16*(1+$F$6)*(1+$F$6) -> 43758.225 | D19: =D16*(1+$F$6)*(1+$F$6) -> 63206.325 | E19: =E16*(1+$F$6)*(1+$F$6) -> 82654.425 | G19: =E8 -> Bread
B20: Q2 | C20: =C19*(1+$F$6) -> 45946.136 | D20: =D19*(1+$F$6) -> 66366.641 | E20: =E19*(1+$F$6) -> 86787.146 | G20: 2007 | L20: 2008
G21: Q1 | H21: Q2 | I21: Q3 | J21: Q4 | L21: Q1 | M21: Q2
A22: Sales Price/Item: | C22: 6 | D22: 5.25 | E22: 5.75 | G22: =E14 -> 68000 | H22: =E15 -> 71400 | I22: =E16 -> 74970 | J22: =E17 -> 89964 | L22: =E19 -> 82654.425 | M22: =E20 -> 86787.146
A25: Collection Information:
A26: Credit Policy: | D26: Prior Year | E26: Current Year
B27: Cash Sales | D27: 0.1 | E27: 0.1 | F27: Collection Schedule Transposed for Copying
B28: Credit Sales | D28: 0.9 | E28: =1-E27 -> 0.9 | F28: Q1 | G28: Q2 | H28: Q3
B29: Collection in Current Quarter | D29: 0.3 | E29: =D29 -> 0.3 | F29: 0.3 | G29: 0.45 | H29: 0.25
B30: Collection in Following Quarter | D30: 0.45 | E30: =D30 -> 0.45
B31: Collection in 3rd Quarter | D31: 0.25 | E31: =D31 -> 0.25
A33: Collections from Year 1 Sales:
E34: Payments in Current Year
B35: Quarter | C35: Sold | D35: Received | E35: =G17 -> Q1 | F35: =H17 -> Q2 | G35: =I17 -> Q3 | H35: =J17 -> Q4
B36: Q3 | C36: 970200 | D36: =10/100*C36 -> 97020 | E36: 261954 | F36: 392931 | G36: 218295 | H36: 0
B37: Q4 | C37: 1164240 | D37: =10/100*C37 -> 116424 | E37: 314344.8 | F37: 471517.2 | G37: 261954 | H37: 0
D38: =SUM(D36:D37) -> 213444 | E38: =SUM(E36:E37) -> 576298.8 | F38: =SUM(F36:F37) -> 864448.2 | G38: =SUM(G36:G37) -> 480249 | H38: =SUM(H36:H37) -> 0
A41: Manufacturing Information:
C42: Ending Inventory Goal: | D42: =2/90 -> 0.022222222
C43: Raw Materials Goal: | D43: 0.15
A46: Raw Materials:
A48: Muffins | C48: Units | D48: Cost per | E48: Total
A49: Materials: | C49: Needed | D49: Unit | E49: Cost
B50: Flour | C50: 0.5 | D50: 0.15 | E50: =C50*D50 -> 0.075
B51: Margarine | C51: 0.25 | D51: 0.25 | E51: =C51*D51 -> 0.0625
B52: Sugar | C52: 0.5 | D52: 0.2 | E52: =C52*D52 -> 0.1
B53: Eggs | C53: 2 | D53: 0.05 | E53: =C53*D53 -> 0.1
B54: Milk | C54: 0.1 | D54: 1.25 | E54: =C54*D54 -> 0.125
B55: Mini Chips | C55: 1 | D55: 0.75 | E55: =C55*D55 -> 0.75
B56: Baking Packet | C56: 1 | D56: 0.1 | E56: =C56*D56 -> 0.1
A58: Cookies | C58: Units | D58: Cost per | E58: Total
A59: Materials: | C59: Needed | D59: Unit | E59: Cost
B60: Flour | C60: 0.5 | D60: 0.15 | E60: =C60*D60 -> 0.075
B61: Margarine | C61: 0.75 | D61: 0.25 | E61: =C61*D61 -> 0.1875
B62: Sugar | C62: 1 | D62: 0.2 | E62: =C62*D62 -> 0.2
B63: Eggs | C63: 2 | D63: 0.05 | E63: =C63*D63 -> 0.1
B64: Cocoa | C64: 0.25 | D64: 1.5 | E64: =C64*D64 -> 0.375
B65: PB chips | C65: 1 | D65: 0.75 | E65: =C65*D65 -> 0.75
B66: Baking Packet | C66: 1 | D66: 0.1 | E66: =C66*D66 -> 0.1
A69: Bread | C69: Units | D69: Cost per | E69: Total
A70: Materials: | C70: Needed | D70: Unit | E70: Cost
B71: Flour | C71: 3 | D71: 0.15 | E71: =C71*D71 -> 0.45
B72: Sugar | C72: 0.25 | D72: 0.2 | E72: =C72*D72 -> 0.05
B73: Milk | C73: 0.25 | D73: 1.25 | E73: =C73*D73 -> 0.3125
B74: Shortening | C74: 0.25 | D74: 0.5 | E74: =C74*D74 -> 0.125
B75: Baking Packet | C75: 1 | D75: 0.1 | E75: =C75*D75 -> 0.1
A77: Accounts Payable | D77: Prior Year | E77: Current Year
B78: Payments in Current Quarter | D78: 0.85 | E78: 1 | F78: Collection Schedule Transposed for Copying
B79: Payments in Following Quarter | D79: 0.15 | E79: 0 | F79: Q1 | G79: Q2 | H79: Q3
B80: Payments in 3rd Quarter | D80: 0 | E80: 0 | F80: =E78 -> 1 | G80: =+E79 -> 0 | H80: =+E80 -> 0
A82: Payments on Year 1 Purchases:
E83: Payments in Current Year
B84: Quarter | C84: Purchases | D84: Paid | E84: =E35 -> Q1 | F84: =F35 -> Q2 | G84: =G35 -> Q3 | H84: =H35 -> Q4
B85: Q3 | C85: NA | E85: 0 | F85: 0 | G85: 0 | H85: 0
B86: Q4 | C86: 210984.2 | E86: 0 | F86: 0 | G86: 0 | H86: =D78*C86 -> 179336.57
E87: =SUM(E85:E86) -> 0 | F87: =SUM(F85:F86) -> 0 | G87: =SUM(G85:G86) -> 0 | H87: =SUM(H85:H86) -> 179336.57

Sheet Sales Budget
A1: Table 1 - Sales Budget
D3: Quarter | H3: Total | J3: Year 3
D4: Q1 | E4: Q2 | F4: Q3 | G4: Q4 | H4: Year 2 | J4: Q1 | K4: Q2
A5: ='Basic Information'!C8 -> Muffins
B6: Budgeted Sales | D6: ='Basic Information'!G14 -> 36000 | E6: ='Basic Information'!H14 -> 37800 | F6: ='Basic Information'!I14 -> 39690 | G6: ='Basic Information'!J14 -> 47628 | H6: =SUM(D6:G6) -> 161118 | J6: ='Basic Information'!L14 -> 43758.225 | K6: ='Basic Information'!M14 -> 45946.136
B7: Selling price per dozen | D7: ='Basic Information'!$C$22 -> 6 | E7: ='Basic Information'!$C$22 -> 6 | F7: ='Basic Information'!$C$22 -> 6 | G7: ='Basic Information'!$C$22 -> 6 | H7: =G7 -> 6 | J7: ='Basic Information'!$C$22 -> 6 | K7: ='Basic Information'!$C$22 -> 6
C8: Total Sales Revenue from Muffins | D8: =D6*D7 -> 216000 | E8: =E6*E7 -> 226800 | F8: =F6*F7 -> 238140 | G8: =G6*G7 -> 285768 | H8: =SUM(D8:G8) -> 966708 | J8: =J6*J7 -> 262549.35 | K8: =K6*K7 -> 275676.82
A10: ='Basic Information'!D8 -> Cookies
B11: Budgeted Sales | D11: ='Basic Information'!G18 -> 52000 | E11: ='Basic Information'!H18 -> 54600 | F11: ='Basic Information'!I18 -> 57330 | G11: ='Basic Information'!J18 -> 68796 | H11: =SUM(D11:G11) -> 232726 | J11: ='Basic Information'!L18 -> 63206.325 | K11: ='Basic Information'!M18 -> 66366.641
B12: Selling price per dozen | D12: ='Basic Information'!$D$22 -> 5.25 | E12: ='Basic Information'!$D$22 -> 5.25 | F12: ='Basic Information'!$D$22 -> 5.25 | G12: ='Basic Information'!$D$22 -> 5.25 | H12: ='Basic Information'!$D$22 -> 5.25 | J12: ='Basic Information'!$D$22 -> 5.25 | K12: ='Basic Information'!$D$22 -> 5.25
C13: Total Sales Revenue for Cookies | D13: =D11*D12 -> 273000 | E13: =E11*E12 -> 286650 | F13: =F11*F12 -> 300982.5 | G13: =G11*G12 -> 361179 | H13: =SUM(D13:G13) -> 1221811.5 | J13: =J11*J12 -> 331833.21 | K13: =K11*K12 -> 348424.87
A15: ='Basic Information'!E8 -> Bread
B16: Budgeted Sales | D16: ='Basic Information'!G22 -> 68000 | E16: ='Basic Information'!H22 -> 71400 | F16: ='Basic Information'!I22 -> 74970 | G16: ='Basic Information'!J22 -> 89964 | H16: =SUM(D16:G16) -> 304334 | J16: ='Basic Information'!L22 -> 82654.425 | K16: ='Basic Information'!M22 -> 86787.146
B17: Selling price per loaf | D17: ='Basic Information'!$E$22 -> 5.75 | E17: ='Basic Information'!$E$22 -> 5.75 | F17: ='Basic Information'!$E$22 -> 5.75 | G17: ='Basic Information'!$E$22 -> 5.75 | H17: ='Basic Information'!$E$22 -> 5.75 | J17: ='Basic Information'!$E$22 -> 5.75 | K17: ='Basic Information'!$E$22 -> 5.75
C18: Total Sales Revenue for Bread | D18: =D16*D17 -> 391000 | E18: =E16*E17 -> 410550 | F18: =F16*F17 -> 431077.5 | G18: =G16*G17 -> 517293 | H18: =SUM(D18:G18) -> 1749920.5 | J18: =J16*J17 -> 475262.94 | K18: =K16*K17 -> 499026.09
A20: Total Sales Revenue | D20: =D8+D13+D18 -> 880000 | E20: =E8+E13+E18 -> 924000 | F20: =F8+F13+F18 -> 970200 | G20: =G8+G13+G18 -> 1164240 | H20: =H8+H13+H18 -> 3938440 | J20: =J8+J13+J18 -> 1069645.5 | K20: =K8+K13+K18 -> 1123127.8
A23: Table 2 - Schedule of Cash Collections
D24: Quarter | H24: Year
D25: Q1 | E25: Q2 | F25: Q3 | G25: Q4 | H25: 2
A26: Collections from 2006 | D26: ='Basic Information'!E38 -> 576298.8 | E26: ='Basic Information'!F38 -> 864448.2 | F26: ='Basic Information'!G38 -> 480249 | G26: ='Basic Information'!H38 -> 0 | H26: =SUM(D26:G26) -> 1920996
A27: Q1 | D27: =$D$20*'Basic Information'!F29 -> 264000 | E27: =$D$20*'Basic Information'!G29 -> 396000 | F27: =$D$20*'Basic Information'!H29 -> 220000 | G27: 0 | H27: =SUM(D27:G27) -> 880000
A28: Q2 | D28: 0 | E28: =$E$20*'Basic Information'!F29 -> 277200 | F28: =$E$20*'Basic Information'!G29 -> 415800 | G28: =$E$20*'Basic Information'!H29 -> 231000 | H28: =SUM(E28:G28) -> 924000
A29: Q3 | D29: 0 | E29: 0 | F29: =$F$20*'Basic Information'!F29 -> 291060 | G29: =$F$20*'Basic Information'!G29 -> 436590 | H29: =SUM(D29:G29) -> 727650
A30: Q4 | D30: 0 | E30: 0 | F30: 0 | G30: =$G$20*'Basic Information'!F29 -> 349272 | H30: =SUM(D30:G30) -> 349272
C31: Total Cash Collections | D31: =SUM(D26:D30) -> 840298.8 | E31: =SUM(E26:E30) -> 1537648.2 | F31: =SUM(F26:F30) -> 1407109 | G31: =SUM(G26:G30) -> 1016862 | H31: =SUM(H26:H30) -> 4801918

Sheet Production Budget
A1: Table 3 - Production Budget
D3: Quarter | H3: Total | J3: Year 3
D4: Q1 | E4: Q2 | F4: Q3 | G4: Q4 | H4: Year 2 | J4: Q1
A5: ='Sales Budget'!A5 -> Muffins
B6: Budgeted Sales | D6: ='Sales Budget'!D6 -> 36000 | E6: ='Sales Budget'!E6 -> 37800 | F6: ='Sales Budget'!F6 -> 39690 | G6: ='Sales Budget'!G6 -> 47628 | H6: ='Sales Budget'!H6 -> 161118 | J6: ='Sales Budget'!J6 -> 43758.225 | K6: ='Sales Budget'!K6 -> 45946.136
B7: Desired Ending Inventory | D7: ='Basic Information'!$D$42*'Production Budget'!E6 -> 840 | E7: ='Basic Information'!$D$42*'Production Budget'!F6 -> 882 | F7: ='Basic Information'!$D$42*'Production Budget'!G6 -> 1058.4 | G7: ='Basic Information'!$D$42*J6 -> 972.405 | H7: =G7 -> 972.405 | J7: ='Basic Information'!$D$42*'Production Budget'!K6 -> 1021.0253
C8: Total Units Needed | D8: =SUM(D6:D7) -> 36840 | E8: =SUM(E6:E7) -> 38682 | F8: =SUM(F6:F7) -> 40748.4 | G8: =SUM(G6:G7) -> 48600.405 | H8: =SUM(H6:H7) -> 162090.4 | J8: =SUM(J6:J7) -> 44779.25
B9: Less: Beginning Inventory | D9: =D6*-'Basic Information'!$D$42 -> -800 | E9: =-D7 -> -840 | F9: =-E7 -> -882 | G9: =-F7 -> -1058.4 | H9: =D9 -> -800 | J9: =-H7 -> -972.405
C10: Required Muffin Production | D10: =+D8+D9 -> 36040 | E10: =+E8+E9 -> 37842 | F10: =+F8+F9 -> 39866.4 | G10: =+G8+G9 -> 47542.005 | H10: =+H8+H9 -> 161290.4 | J10: =+J8+J9 -> 43806.845
A12: ='Sales Budget'!A10 -> Cookies
B13: Budgeted Sales | D13: ='Sales Budget'!D11 -> 52000 | E13: ='Sales Budget'!E11 -> 54600 | F13: ='Sales Budget'!F11 -> 57330 | G13: ='Sales Budget'!G11 -> 68796 | H13: =SUM(D13:G13) -> 232726 | J13: ='Sales Budget'!J11 -> 63206.325 | K13: ='Sales Budget'!K11 -> 66366.641
B14: Desired Ending Inventory | D14: ='Basic Information'!$D$42*'Production Budget'!E13 -> 1213.3333 | E14: ='Basic Information'!$D$42*'Production Budget'!F13 -> 1274 | F14: ='Basic Information'!$D$42*'Production Budget'!G13 -> 1528.8 | G14: ='Basic Information'!$D$42*J13 -> 1404.585 | H14: =G14 -> 1404.585 | J14: ='Basic Information'!$D$42*'Production Budget'!K13 -> 1474.8143
C15: Total Units Needed | D15: =SUM(D13:D14) -> 53213.333 | E15: =SUM(E13:E14) -> 55874 | F15: =SUM(F13:F14) -> 58858.8 | G15: =SUM(G13:G14) -> 70200.585 | H15: =SUM(H13:H14) -> 234130.58 | J15: =SUM(J13:J14) -> 64681.139
B16: Less: Beginning Inventory | D16: =D13*-'Basic Information'!$D$42 -> -1155.5556 | E16: =-D14 -> -1213.3333 | F16: =-E14 -> -1274 | G16: =-F14 -> -1528.8 | H16: =D16 -> -1155.5556 | J16: =-H14 -> -1404.585
C17: Required Cookie Production | D17: =+D15+D16 -> 52057.778 | E17: =+E15+E16 -> 54660.667 | F17: =+F15+F16 -> 57584.8 | G17: =+G15+G16 -> 68671.785 | H17: =+H15+H16 -> 232975.03 | J17: =+J15+J16 -> 63276.554
A19: ='Sales Budget'!A15 -> Bread
B20: Budgeted Sales | D20: ='Sales Budget'!D16 -> 68000 | E20: ='Sales Budget'!E16 -> 71400 | F20: ='Sales Budget'!F16 -> 74970 | G20: ='Sales Budget'!G16 -> 89964 | H20: =SUM(D20:G20) -> 304334 | J20: ='Sales Budget'!J16 -> 82654.425 | K20: ='Sales Budget'!K16 -> 86787.146
B21: Desired Ending Inventory | D21: ='Basic Information'!$D$42*'Production Budget'!E20 -> 1586.6667 | E21: ='Basic Information'!$D$42*'Production Budget'!F20 -> 1666 | F21: ='Basic Information'!$D$42*'Production Budget'!G20 -> 1999.2 | G21: ='Basic Information'!$D$42*J20 -> 1836.765 | H21: =G21 -> 1836.765 | J21: ='Basic Information'!$D$42*'Production Budget'!K20 -> 1928.6033
C22: Total Units Needed | D22: =SUM(D20:D21) -> 69586.667 | E22: =SUM(E20:E21) -> 73066 | F22: =SUM(F20:F21) -> 76969.2 | G22: =SUM(G20:G21) -> 91800.765 | H22: =SUM(H20:H21) -> 306170.77 | J22: =SUM(J20:J21) -> 84583.028
B23: Less: Beginning Inventory | D23: =D20*-'Basic Information'!$D$42 -> -1511.1111 | E23: =-D21 -> -1586.6667 | F23: =-E21 -> -1666 | G23: =-F21 -> -1999.2 | H23: =D23 -> -1511.1111 | J23: =-H21 -> -1836.765
C24: Required Bread Production | D24: =+D22+D23 -> 68075.556 | E24: =+E22+E23 -> 71479.333 | F24: =+F22+F23 -> 75303.2 | G24: =+G22+G23 -> 89801.565 | H24: =+H22+H23 -> 304659.65 | J24: =+J22+J23 -> 82746.263

Sheet DM Budget
A1: Table 4 - Raw Materials Budget
D3: Quarter | H3: Year | J3: Year 3
D4: Q1 | E4: Q2 | F4: Q3 | G4: Q4 | H4: 2 | J4: Q1
A5: Required Production
B6: ='Production Budget'!A5 -> Muffins | D6: ='Production Budget'!D10 -> 36040 | E6: ='Production Budget'!E10 -> 37842 | F6: ='Production Budget'!F10 -> 39866.4 | G6: ='Production Budget'!G10 -> 47542.005 | H6: ='Production Budget'!H10 -> 161290.4 | J6: ='Production Budget'!J10 -> 43806.845
B7: ='Production Budget'!A12 -> Cookies | D7: ='Production Budget'!D17 -> 52057.778 | E7: ='Production Budget'!E17 -> 54660.667 | F7: ='Production Budget'!F17 -> 57584.8 | G7: ='Production Budget'!G17 -> 68671.785 | H7: ='Production Budget'!H17 -> 232975.03 | J7: ='Production Budget'!J17 -> 63276.554
B8: ='Production Budget'!A19 -> Bread | D8: ='Production Budget'!D24 -> 68075.556 | E8: ='Production Budget'!E24 -> 71479.333 | F8: ='Production Budget'!F24 -> 75303.2 | G8: ='Production Budget'!G24 -> 89801.565 | H8: ='Production Budget'!H24 -> 304659.65 | J8: ='Production Budget'!J24 -> 82746.263
A10: Raw Materials Needed
B11: =B6 -> Muffins
C12: ='Basic Information'!B50 -> Flour | D12: =D$6*'Basic Information'!$C50 -> 18020 | E12: =E$6*'Basic Information'!$C50 -> 18921 | F12: =F$6*'Basic Information'!$C50 -> 19933.2 | G12: =G$6*'Basic Information'!$C50 -> 23771.002 | H12: =SUM(D12:G12) -> 80645.202 | J12: =J$6*'Basic Information'!$C50 -> 21903.423
C13: ='Basic Information'!B51 -> Margarine | D13: =D$6*'Basic Information'!$C51 -> 9010 | E13: =E$6*'Basic Information'!$C51 -> 9460.5 | F13: =F$6*'Basic Information'!$C51 -> 9966.6 | G13: =G$6*'Basic Information'!$C51 -> 11885.501 | H13: =SUM(D13:G13) -> 40322.601 | J13: =J$6*'Basic Information'!$C51 -> 10951.711
C14: ='Basic Information'!B52 -> Sugar | D14: =D$6*'Basic Information'!$C52 -> 18020 | E14: =E$6*'Basic Information'!$C52 -> 18921 | F14: =F$6*'Basic Information'!$C52 -> 19933.2 | G14: =G$6*'Basic Information'!$C52 -> 23771.002 | H14: =SUM(D14:G14) -> 80645.202 | J14: =J$6*'Basic Information'!$C52 -> 21903.423
C15: ='Basic Information'!B53 -> Eggs | D15: =D$6*'Basic Information'!$C53 -> 72080 | E15: =E$6*'Basic Information'!$C53 -> 75684 | F15: =F$6*'Basic Information'!$C53 -> 79732.8 | G15: =G$6*'Basic Information'!$C53 -> 95084.01 | H15: =SUM(D15:G15) -> 322580.81 | J15: =J$6*'Basic Information'!$C53 -> 87613.69
C16: ='Basic Information'!B54 -> Milk | D16: =D$6*'Basic Information'!$C54 -> 3604 | E16: =E$6*'Basic Information'!$C54 -> 3784.2 | F16: =F$6*'Basic Information'!$C54 -> 3986.64 | G16: =G$6*'Basic Information'!$C54 -> 4754.2005 | H16: =SUM(D16:G16) -> 16129.04 | J16: =J$6*'Basic Information'!$C54 -> 4380.6845
C17: ='Basic Information'!B55 -> Mini Chips | D17: =D$6*'Basic Information'!$C55 -> 36040 | E17: =E$6*'Basic Information'!$C55 -> 37842 | F17: =F$6*'Basic Information'!$C55 -> 39866.4 | G17: =G$6*'Basic Information'!$C55 -> 47542.005 | H17: =SUM(D17:G17) -> 161290.4 | J17: =J$6*'Basic Information'!$C55 -> 43806.845
C18: ='Basic Information'!B56 -> Baking Packet | D18: =D$6*'Basic Information'!$C56 -> 36040 | E18: =E$6*'Basic Information'!$C56 -> 37842 | F18: =F$6*'Basic Information'!$C56 -> 39866.4 | G18: =G$6*'Basic Information'!$C56 -> 47542.005 | H18: =SUM(D18:G18) -> 161290.4 | J18: =J$6*'Basic Information'!$C56 -> 43806.845
B19: =B7 -> Cookies
C20: ='Basic Information'!B60 -> Flour | D20: =D$7*'Basic Information'!$C60 -> 26028.889 | E20: =E$7*'Basic Information'!$C60 -> 27330.333 | F20: =F$7*'Basic Information'!$C60 -> 28792.4 | G20: =G$7*'Basic Information'!$C60 -> 34335.893 | H20: =SUM(D20:G20) -> 116487.51 | J20: =J$7*'Basic Information'!$C60 -> 31638.277
C21: ='Basic Information'!B61 -> Margarine | D21: =D$7*'Basic Information'!$C61 -> 39043.333 | E21: =E$7*'Basic Information'!$C61 -> 40995.5 | F21: =F$7*'Basic Information'!$C61 -> 43188.6 | G21: =G$7*'Basic Information'!$C61 -> 51503.839 | H21: =SUM(D21:G21) -> 174731.27 | J21: =J$7*'Basic Information'!$C61 -> 47457.416
C22: ='Basic Information'!B62 -> Sugar | D22: =D$7*'Basic Information'!$C62 -> 52057.778 | E22: =E$7*'Basic Information'!$C62 -> 54660.667 | F22: =F$7*'Basic Information'!$C62 -> 57584.8 | G22: =G$7*'Basic Information'!$C62 -> 68671.785 | H22: =SUM(D22:G22) -> 232975.03 | J22: =J$7*'Basic Information'!$C62 -> 63276.554
C23: ='Basic Information'!B63 -> Eggs | D23: =D$7*'Basic Information'!$C63 -> 104115.56 | E23: =E$7*'Basic Information'!$C63 -> 109321.33 | F23: =F$7*'Basic Information'!$C63 -> 115169.6 | G23: =G$7*'Basic Information'!$C63 -> 137343.57 | H23: =SUM(D23:G23) -> 465950.06 | J23: =J$7*'Basic Information'!$C63 -> 126553.11
C24: ='Basic Information'!B64 -> Cocoa | D24: =D$7*'Basic Information'!$C64 -> 13014.444 | E24: =E$7*'Basic Information'!$C64 -> 13665.167 | F24: =F$7*'Basic Information'!$C64 -> 14396.2 | G24: =G$7*'Basic Information'!$C64 -> 17167.946 | H24: =SUM(D24:G24) -> 58243.757 | J24: =J$7*'Basic Information'!$C64 -> 15819.139
C25: ='Basic Information'!B65 -> PB chips | D25: =D$7*'Basic Information'!$C65 -> 52057.778 | E25: =E$7*'Basic Information'!$C65 -> 54660.667 | F25: =F$7*'Basic Information'!$C65 -> 57584.8 | G25: =G$7*'Basic Information'!$C65 -> 68671.785 | H25: =SUM(D25:G25) -> 232975.03 | J25: =J$7*'Basic Information'!$C65 -> 63276.554
C26: ='Basic Information'!B66 -> Baking Packet | D26: =D$7*'Basic Information'!$C66 -> 52057.778 | E26: =E$7*'Basic Information'!$C66 -> 54660.667 | F26: =F$7*'Basic Information'!$C66 -> 57584.8 | G26: =G$7*'Basic Information'!$C66 -> 68671.785 | H26: =SUM(D26:G26) -> 232975.03 | J26: =J$7*'Basic Information'!$C66 -> 63276.554
B27: =B8 -> Bread
C28: ='Basic Information'!B71 -> Flour | D28: =D$8*'Basic Information'!$C71 -> 204226.67 | E28: =E$8*'Basic Information'!$C71 -> 214438 | F28: =F$8*'Basic Information'!$C71 -> 225909.6 | G28: =G$8*'Basic Information'!$C71 -> 269404.7 | H28: =SUM(D28:G28) -> 913978.96 | J28: =J$8*'Basic Information'!$C71 -> 248238.79
C29: ='Basic Information'!B72 -> Sugar | D29: =D$8*'Basic Information'!$C72 -> 17018.889 | E29: =E$8*'Basic Information'!$C72 -> 17869.833 | F29: =F$8*'Basic Information'!$C72 -> 18825.8 | G29: =G$8*'Basic Information'!$C72 -> 22450.391 | H29: =SUM(D29:G29) -> 76164.913 | J29: =J$8*'Basic Information'!$C72 -> 20686.566
C30: ='Basic Information'!B73 -> Milk | D30: =D$8*'Basic Information'!$C73 -> 17018.889 | E30: =E$8*'Basic Information'!$C73 -> 17869.833 | F30: =F$8*'Basic Information'!$C73 -> 18825.8 | G30: =G$8*'Basic Information'!$C73 -> 22450.391 | H30: =SUM(D30:G30) -> 76164.913 | J30: =J$8*'Basic Information'!$C73 -> 20686.566
C31: ='Basic Information'!B74 -> Shortening | D31: =D$8*'Basic Information'!$C74 -> 17018.889 | E31: =E$8*'Basic Information'!$C74 -> 17869.833 | F31: =F$8*'Basic Information'!$C74 -> 18825.8 | G31: =G$8*'Basic Information'!$C74 -> 22450.391 | H31: =SUM(D31:G31) -> 76164.913 | J31: =J$8*'Basic Information'!$C74 -> 20686.566
C32: ='Basic Information'!B75 -> Baking Packet | D32: =D$8*'Basic Information'!$C75 -> 68075.556 | E32: =E$8*'Basic Information'!$C75 -> 71479.333 | F32: =F$8*'Basic Information'!$C75 -> 75303.2 | G32: =G$8*'Basic Information'!$C75 -> 89801.565 | H32: =SUM(D32:G32) -> 304659.65 | J32: =J$8*'Basic Information'!$C75 -> 82746.263
B33: Totals
C34: =C12 -> Flour | D34: =D12+D20+D28 -> 248275.56 | E34: =E12+E20+E28 -> 260689.33 | F34: =F12+F20+F28 -> 274635.2 | G34: =G12+G20+G28 -> 327511.59 | H34: =SUM(D34:G34) -> 1111111.7 | J34: =J12+J20+J28 -> 301780.49
C35: =C13 -> Margarine | D35: =D13+D21 -> 48053.333 | E35: =E13+E21 -> 50456 | F35: =F13+F21 -> 53155.2 | G35: =G13+G21 -> 63389.34 | H35: =SUM(D35:G35) -> 215053.87 | J35: =J13+J21 -> 58409.127
C36: =C14 -> Sugar | D36: =+D14+D22+D29 -> 87096.667 | E36: =+E14+E22+E29 -> 91451.5 | F36: =+F14+F22+F29 -> 96343.8 | G36: =+G14+G22+G29 -> 114893.18 | H36: =SUM(D36:G36) -> 389785.15 | J36: =+J14+J22+J29 -> 105866.54
C37: =C15 -> Eggs | D37: =D15+D23 -> 176195.56 | E37: =E15+E23 -> 185005.33 | F37: =F15+F23 -> 194902.4 | G37: =G15+G23 -> 232427.58 | H37: =SUM(D37:G37) -> 788530.87 | J37: =J15+J23 -> 214166.8
C38: =C16 -> Milk | D38: =D16+D30 -> 20622.889 | E38: =E16+E30 -> 21654.033 | F38: =F16+F30 -> 22812.44 | G38: =G16+G30 -> 27204.592 | H38: =SUM(D38:G38) -> 92293.954 | J38: =J16+J30 -> 25067.25
C39: =C17 -> Mini Chips | D39: =D17 -> 36040 | E39: =E17 -> 37842 | F39: =F17 -> 39866.4 | G39: =G17 -> 47542.005 | H39: =SUM(D39:G39) -> 161290.4 | J39: =J17 -> 43806.845
C40: =C18 -> Baking Packet | D40: =D18+D26+D32 -> 156173.33 | E40: =E18+E26+E32 -> 163982 | F40: =F18+F26+F32 -> 172754.4 | G40: =G18+G26+G32 -> 206015.36 | H40: =SUM(D40:G40) -> 698925.09 | J40: =J18+J26+J32 -> 189829.66
C41: =C24 -> Cocoa | D41: =+D24 -> 13014.444 | E41: =+E24 -> 13665.167 | F41: =+F24 -> 14396.2 | G41: =+G24 -> 17167.946 | H41: =SUM(D41:G41) -> 58243.757 | J41: =+J24 -> 15819.139
C42: =C25 -> PB chips | D42: =+D25 -> 52057.778 | E42: =+E25 -> 54660.667 | F42: =+F25 -> 57584.8 | G42: =+G25 -> 68671.785 | H42: =SUM(D42:G42) -> 232975.03 | J42: =+J25 -> 63276.554
C43: =C31 -> Shortening | D43: =+D31 -> 17018.889 | E43: =+E31 -> 17869.833 | F43: =+F31 -> 18825.8 | G43: =+G31 -> 22450.391 | H43: =SUM(D43:G43) -> 76164.913 | J43: =+J31 -> 20686.566
A45: Desired Ending Inventory
C46: =C34 -> Flour | D46: =E34*'Basic Information'!$D$43 -> 39103.4 | E46: =F34*'Basic Information'!$D$43 -> 41195.28 | F46: =G34*'Basic Information'!$D$43 -> 49126.738 | G46: =J34*'Basic Information'!$D$43 -> 45267.073 | H46: =G46 -> 45267.073 | J46: 0.15 | K46: =H46*J46 -> 6790.061
C47: =C35 -> Margarine | D47: =E35*'Basic Information'!$D$43 -> 7568.4 | E47: =F35*'Basic Information'!$D$43 -> 7973.28 | F47: =G35*'Basic Information'!$D$43 -> 9508.401 | G47: =J35*'Basic Information'!$D$43 -> 8761.3691 | H47: =G47 -> 8761.3691 | J47: 0.25 | K47: =H47*J47 -> 2190.3423
C48: =C36 -> Sugar | D48: =E36*'Basic Information'!$D$43 -> 13717.725 | E48: =F36*'Basic Information'!$D$43 -> 14451.57 | F48: =G36*'Basic Information'!$D$43 -> 17233.977 | G48: =J36*'Basic Information'!$D$43 -> 15879.981 | H48: =G48 -> 15879.981 | J48: 0.2 | K48: =H48*J48 -> 3175.9963
C49: =C37 -> Eggs | D49: =E37*'Basic Information'!$D$43 -> 27750.8 | E49: =F37*'Basic Information'!$D$43 -> 29235.36 | F49: =G37*'Basic Information'!$D$43 -> 34864.137 | G49: =J37*'Basic Information'!$D$43 -> 32125.02 | H49: =G49 -> 32125.02 | J49: 0.05 | K49: =H49*J49 -> 1606.251
C50: =C38 -> Milk | D50: =E38*'Basic Information'!$D$43 -> 3248.105 | E50: =F38*'Basic Information'!$D$43 -> 3421.866 | F50: =G38*'Basic Information'!$D$43 -> 4080.6888 | G50: =J38*'Basic Information'!$D$43 -> 3760.0876 | H50: =G50 -> 3760.0876 | J50: 1.25 | K50: =H50*J50 -> 4700.1094
C51: =C39 -> Mini Chips | D51: =E39*'Basic Information'!$D$43 -> 5676.3 | E51: =F39*'Basic Information'!$D$43 -> 5979.96 | F51: =G39*'Basic Information'!$D$43 -> 7131.3007 | G51: =J39*'Basic Information'!$D$43 -> 6571.0268 | H51: =G51 -> 6571.0268 | J51: 0.75 | K51: =H51*J51 -> 4928.2701
C52: =C40 -> Baking Packet | D52: =E40*'Basic Information'!$D$43 -> 24597.3 | E52: =F40*'Basic Information'!$D$43 -> 25913.16 | F52: =G40*'Basic Information'!$D$43 -> 30902.303 | G52: =J40*'Basic Information'!$D$43 -> 28474.449 | H52: =G52 -> 28474.449 | J52: 0.1 | K52: =H52*J52 -> 2847.4449
C53: =C41 -> Cocoa | D53: =E41*'Basic Information'!$D$43 -> 2049.775 | E53: =F41*'Basic Information'!$D$43 -> 2159.43 | F53: =G41*'Basic Information'!$D$43 -> 2575.1919 | G53: =J41*'Basic Information'!$D$43 -> 2372.8708 | H53: =G53 -> 2372.8708 | J53: 1.5 | K53: =H53*J53 -> 3559.3062
C54: =C42 -> PB chips | D54: =E42*'Basic Information'!$D$43 -> 8199.1 | E54: =F42*'Basic Information'!$D$43 -> 8637.72 | F54: =G42*'Basic Information'!$D$43 -> 10300.768 | G54: =J42*'Basic Information'!$D$43 -> 9491.4831 | H54: =G54 -> 9491.4831 | J54: 0.75 | K54: =H54*J54 -> 7118.6124
C55: =C43 -> Shortening | D55: =E43*'Basic Information'!$D$43 -> 2680.475 | E55: =F43*'Basic Information'!$D$43 -> 2823.87 | F55: =G43*'Basic Information'!$D$43 -> 3367.5587 | G55: =J43*'Basic Information'!$D$43 -> 3102.9849 | H55: =G55 -> 3102.9849 | J55: 0.5 | K55: =H55*J55 -> 1551.4924
A57: Total Needs
C58: =C46 -> Flour | D58: =D34+D46 -> 287378.96 | E58: =E34+E46 -> 301884.61 | F58: =F34+F46 -> 323761.94 | G58: =G34+G46 -> 372778.66 | H58: =H34+H46 -> 1156378.8
C59: =C47 -> Margarine | D59: =D35+D47 -> 55621.733 | E59: =E35+E47 -> 58429.28 | F59: =F35+F47 -> 62663.601 | G59: =G35+G47 -> 72150.709 | H59: =H35+H47 -> 223815.24
C60: =C48 -> Sugar | D60: =D36+D48 -> 100814.39 | E60: =E36+E48 -> 105903.07 | F60: =F36+F48 -> 113577.78 | G60: =G36+G48 -> 130773.16 | H60: =H36+H48 -> 405665.13
C61: =C49 -> Eggs | D61: =D37+D49 -> 203946.36 | E61: =E37+E49 -> 214240.69 | F61: =F37+F49 -> 229766.54 | G61: =G37+G49 -> 264552.6 | H61: =H37+H49 -> 820655.89
C62: =C50 -> Milk | D62: =D38+D50 -> 23870.994 | E62: =E38+E50 -> 25075.899 | F62: =F38+F50 -> 26893.129 | G62: =G38+G50 -> 30964.679 | H62: =H38+H50 -> 96054.042
C63: =C51 -> Mini Chips | D63: =D39+D51 -> 41716.3 | E63: =E39+E51 -> 43821.96 | F63: =F39+F51 -> 46997.701 | G63: =G39+G51 -> 54113.032 | H63: =H39+H51 -> 167861.43
C64: =C52 -> Baking Packet | D64: =D40+D52 -> 180770.63 | E64: =E40+E52 -> 189895.16 | F64: =F40+F52 -> 203656.7 | G64: =G40+G52 -> 234489.8 | H64: =H40+H52 -> 727399.54
C65: =C53 -> Cocoa | D65: =D41+D53 -> 15064.219 | E65: =E41+E53 -> 15824.597 | F65: =F41+F53 -> 16971.392 | G65: =G41+G53 -> 19540.817 | H65: =H41+H53 -> 60616.628
C66: =C54 -> PB chips | D66: =D42+D54 -> 60256.878 | E66: =E42+E54 -> 63298.387 | F66: =F42+F54 -> 67885.568 | G66: =G42+G54 -> 78163.268 | H66: =H42+H54 -> 242466.51
C67: =C55 -> Shortening | D67: =D43+D55 -> 19699.364 | E67: =E43+E55 -> 20693.703 | F67: =F43+F55 -> 22193.359 | G67: =G43+G55 -> 25553.376 | H67: =H43+H55 -> 79267.898
A69: Less: Beginning Inventory
C70: =C58 -> Flour | D70: =-D34*'Basic Information'!$D$43 -> -37241.333 | E70: =-D46 -> -39103.4 | F70: =-E46 -> -41195.28 | G70: =-F46 -> -49126.738 | H70: =D70 -> -37241.333
C71: =C59 -> Margarine | D71: =-D35*'Basic Information'!$D$43 -> -7208 | E71: =-D47 -> -7568.4 | F71: =-E47 -> -7973.28 | G71: =-F47 -> -9508.401 | H71: =D71 -> -7208
C72: =C60 -> Sugar | D72: =-D36*'Basic Information'!$D$43 -> -13064.5 | E72: =-D48 -> -13717.725 | F72: =-E48 -> -14451.57 | G72: =-F48 -> -17233.977 | H72: =D72 -> -13064.5
C73: =C61 -> Eggs | D73: =-D37*'Basic Information'!$D$43 -> -26429.333 | E73: =-D49 -> -27750.8 | F73: =-E49 -> -29235.36 | G73: =-F49 -> -34864.137 | H73: =D73 -> -26429.333
C74: =C62 -> Milk | D74: =-D38*'Basic Information'!$D$43 -> -3093.4333 | E74: =-D50 -> -3248.105 | F74: =-E50 -> -3421.866 | G74: =-F50 -> -4080.6888 | H74: =D74 -> -3093.4333
C75: =C63 -> Mini Chips | D75: =-D39*'Basic Information'!$D$43 -> -5406 | E75: =-D51 -> -5676.3 | F75: =-E51 -> -5979.96 | G75: =-F51 -> -7131.3007 | H75: =D75 -> -5406
C76: =C64 -> Baking Packet | D76: =-D40*'Basic Information'!$D$43 -> -23426 | E76: =-D52 -> -24597.3 | F76: =-E52 -> -25913.16 | G76: =-F52 -> -30902.303 | H76: =D76 -> -23426
C77: =C65 -> Cocoa | D77: =-D41*'Basic Information'!$D$43 -> -1952.1667 | E77: =-D53 -> -2049.775 | F77: =-E53 -> -2159.43 | G77: =-F53 -> -2575.1919 | H77: =D77 -> -1952.1667
C78: =C66 -> PB chips | D78: =-D42*'Basic Information'!$D$43 -> -7808.6667 | E78: =-D54 -> -8199.1 | F78: =-E54 -> -8637.72 | G78: =-F54 -> -10300.768 | H78: =D78 -> -7808.6667
C79: =C67 -> Shortening | D79: =-D43*'Basic Information'!$D$43 -> -2552.8333 | E79: =-D55 -> -2680.475 | F79: =-E55 -> -2823.87 | G79: =-F55 -> -3367.5587 | H79: =D79 -> -2552.8333
A81: Raw Materials to be Purchased
C82: =C70 -> Flour | D82: =D58+D70 -> 250137.62 | E82: =E58+E70 -> 262781.21 | F82: =F58+F70 -> 282566.66 | G82: =G58+G70 -> 323651.92 | H82: =H58+H70 -> 1119137.4
C83: =C71 -> Margarine | D83: =D59+D71 -> 48413.733 | E83: =E59+E71 -> 50860.88 | F83: =F59+F71 -> 54690.321 | G83: =G59+G71 -> 62642.308 | H83: =H59+H71 -> 216607.24
C84: =C72 -> Sugar | D84: =D60+D72 -> 87749.892 | E84: =E60+E72 -> 92185.345 | F84: =F60+F72 -> 99126.207 | G84: =G60+G72 -> 113539.18 | H84: =H60+H72 -> 392600.63
C85: =C73 -> Eggs | D85: =D61+D73 -> 177517.02 | E85: =E61+E73 -> 186489.89 | F85: =F61+F73 -> 200531.18 | G85: =G61+G73 -> 229688.46 | H85: =H61+H73 -> 794226.56
C86: =C74 -> Milk | D86: =D62+D74 -> 20777.561 | E86: =E62+E74 -> 21827.794 | F86: =F62+F74 -> 23471.263 | G86: =G62+G74 -> 26883.991 | H86: =H62+H74 -> 92960.608
C87: =C75 -> Mini Chips | D87: =D63+D75 -> 36310.3 | E87: =E63+E75 -> 38145.66 | F87: =F63+F75 -> 41017.741 | G87: =G63+G75 -> 46981.731 | H87: =H63+H75 -> 162455.43
C88: =C76 -> Baking Packet | D88: =D64+D76 -> 157344.63 | E88: =E64+E76 -> 165297.86 | F88: =F64+F76 -> 177743.54 | G88: =G64+G76 -> 203587.5 | H88: =H64+H76 -> 703973.54
C89: =C77 -> Cocoa | D89: =D65+D77 -> 13112.053 | E89: =E65+E77 -> 13774.822 | F89: =F65+F77 -> 14811.962 | G89: =G65+G77 -> 16965.625 | H89: =H65+H77 -> 58664.461
C90: =C78 -> PB chips | D90: =D66+D78 -> 52448.211 | E90: =E66+E78 -> 55099.287 | F90: =F66+F78 -> 59247.848 | G90: =G66+G78 -> 67862.5 | H90: =H66+H78 -> 234657.85
C91: =C79 -> Shortening | D91: =D67+D79 -> 17146.531 | E91: =E67+E79 -> 18013.228 | F91: =F67+F79 -> 19369.489 | G91: =G67+G79 -> 22185.817 | H91: =H67+H79 -> 76715.065
A93: Cost per unit of Raw Materials
C94: =C82 -> Flour | D94: ='Basic Information'!D50 -> 0.15 | E94: =D94 -> 0.15 | F94: =E94 -> 0.15 | G94: =F94 -> 0.15 | H94: =G94 -> 0.15
C95: =C83 -> Margarine | D95: ='Basic Information'!D51 -> 0.25 | E95: =D95 -> 0.25 | F95: =E95 -> 0.25 | G95: =F95 -> 0.25 | H95: =G95 -> 0.25
C96: =C84 -> Sugar | D96: ='Basic Information'!D52 -> 0.2 | E96: =D96 -> 0.2 | F96: =E96 -> 0.2 | G96: =F96 -> 0.2 | H96: =G96 -> 0.2
C97: =C85 -> Eggs | D97: ='Basic Information'!D53 -> 0.05 | E97: =D97 -> 0.05 | F97: =E97 -> 0.05 | G97: =F97 -> 0.05 | H97: =G97 -> 0.05
C98: =C86 -> Milk | D98: ='Basic Information'!D54 -> 1.25 | E98: =D98 -> 1.25 | F98: =E98 -> 1.25 | G98: =F98 -> 1.25 | H98: =G98 -> 1.25
C99: =C87 -> Mini Chips | D99: ='Basic Information'!D55 -> 0.75 | E99: =D99 -> 0.75 | F99: =E99 -> 0.75 | G99: =F99 -> 0.75 | H99: =G99 -> 0.75
C100: =C88 -> Baking Packet | D100: ='Basic Information'!D56 -> 0.1 | E100: =D100 -> 0.1 | F100: =E100 -> 0.1 | G100: =F100 -> 0.1 | H100: =G100 -> 0.1
C101: =C89 -> Cocoa | D101: ='Basic Information'!D64 -> 1.5 | E101: =D101 -> 1.5 | F101: =E101 -> 1.5 | G101: =F101 -> 1.5 | H101: =G101 -> 1.5
C102: =C90 -> PB chips | D102: ='Basic Information'!D65 -> 0.75 | E102: =D102 -> 0.75 | F102: =E102 -> 0.75 | G102: =F102 -> 0.75 | H102: =G102 -> 0.75
C103: =C91 -> Shortening | D103: ='Basic Information'!D74 -> 0.5 | E103: =D103 -> 0.5 | F103: =E103 -> 0.5 | G103: =F103 -> 0.5 | H103: =G103 -> 0.5
A105: Cost of Raw Materials to be purchased
C106: =C82 -> Flour | D106: =D82*D94 -> 37520.643 | E106: =E82*E94 -> 39417.182 | F106: =F82*F94 -> 42384.999 | G106: =G82*G94 -> 48547.789 | H106: =H82*H94 -> 167870.61
C107: =C83 -> Margarine | D107: =D83*D95 -> 12103.433 | E107: =E83*E95 -> 12715.22 | F107: =F83*F95 -> 13672.58 | G107: =G83*G95 -> 15660.577 | H107: =H83*H95 -> 54151.811
C108: =C84 -> Sugar | D108: =D84*D96 -> 17549.978 | E108: =E84*E96 -> 18437.069 | F108: =F84*F96 -> 19825.241 | G108: =G84*G96 -> 22707.837 | H108: =H84*H96 -> 78520.125
...

Sheet Income Statement
C2: Buns Bakery
C3: Balance Sheetr 1
C4: As of December 31, Year 1
C5: sales | G5: ='Sales Budget'!H20 -> 3938440
C6: cost of sales | G6: ='DM Budget'!H116 -> 951041.17
C7: Gross Profit | G7: =G5-G6 -> 2987398.8
C9: Selling and adminstrative expences
C10: Advertiing | D10: 4 | E10: 40000 | F10: =E10*$D$10 -> 160000
C11: Cleaning Supplies | E11: 1000 | F11: =E11*$D$10 -> 4000
C12: Janitorial Service | E12: 6000 | F12: =E12*$D$10 -> 24000
C13: Office staff Salaries | E13: 25000 | F13: =E13*$D$10 -> 100000
C14: Office supplies | E14: 3000 | F14: =E14*$D$10 -> 12000
C15: Rent- office | E15: 9000 | F15: =E15*$D$10 -> 36000
C16: Sales Salaries | E16: 35000 | F16: =E16*$D$10 -> 140000
C17: Top management salaries | E17: 80000 | F17: =E17*$D$10 -> 320000
C18: Utilities - office | E18: 1800 | F18: =E18*$D$10 -> 7200
C19: Mortgage intrest | F19: 80000
C20: Total Selling and adminstrative expences | G20: =F10+F11+F12+F13+F14+F15+F16+F17+F18+F19 -> 883200
C22: Total fixed over heads | G22: 640000
C24: Profit before tax | G24: =G7-G20-G22 -> 1464198.8
C25: Income tax | G25: =G24*30/100 -> 439259.65
C26: Profit after tax | G26: =G24-G25 -> 1024939.2

Sheet Balance sheet
C1: Buns Bakery
C2: Balance Sheetr 1
C3: As of December 31, Year 1
C4: Assets
C5: Current Assets
C6: Cash | E6: 40000
C7: Account Receivable | E7: 935037.21
C8: Raw Materials Inventory | E8: 38467.89
C9: Finished Goods Inventory | E9: 78853.08
C10: Total Current Assets | E10: =SUM(E6:E9) -> 1092358.2
C12: Property ,Plant and Equipment
C13: Land | E13: 75000
C14: Bilding | E14: 585000
C15: Equipment | E15: 1010000
C16: Accumulated Depr-Equipment | E16: -80800
C17: Total PPE | E17: =E13+E14+E15+E16 -> 1589200
C18: Total Asset | E18: =E17+E10 -> 2681558.2
C20: Liabilities and Stock Holders Equity
C21: Liabilities
C22: Acounts Payable | E22: 0
C23: Mortgage Payable | E23: 1106619
C24: Total Liabilities | E24: =SUM(E22:E23) -> 1106619
C26: Stockholders Equity
C28: Common Stock | E28: 550000
C29: Retained Earnings | E29: ='Income Statement'!G26 -> 1024939.2
C30: Total Stockholders Equity | E30: =SUM(E26:E29) -> 1574939.2
C32: Total Liabilities and Stockholder Equity | E32: =E30+E24 -> 2681558.2

Sheet Discussions
B2: Increasing the prices reduces the production by 20% but improves the business profitability. The total income retained in the business moved-up wards from $898,337 to $1,024,963. Increased profitability for any business is a welcomed idea hence Buns bakery to increase the product prices upwards, that is Muffins from $5.50 to $6,cookies from $4.75 to $5.25 and that of bread from S5.25 to $5.75. The Venture Capital Firm who are interested in investing in the Bun bakery business can go ahead and buy the shares of the organization as the statements indicates and shows that the business is profitable. The system of budgeting should be inculcated in the Bun’s bakery as it helps in planning and making financial decisions in the business.
